 Dungeon Crawl Stone Soup version 0.24-a0-250-g6074511 (webtiles) character file.

Game seed: 9374785306763265472

12079 Borgoz the Slicer (level 12, -9/76 HPs)
             Began as a Kobold Fighter on Apr 14, 2019.
             Was a Believer of Ashenzari.
             Mangled by a minotaur
             ... wielding a +4 trident of protection
              (23 damage)
             ... in a Gauntlet.
             The game lasted 00:30:00 (13919 turns).

Borgoz the Slicer (Kobold Fighter)                 Turns: 13919, Time: 00:30:01

Health: -9/76      AC: 15    Str: 15    XL:     12   Next: 15%
Magic:  17/19      EV: 18    Int: 11    God:    Ashenzari [**....]
Gold:   376        SH:  0    Dex: 20    Spells: 20/21 levels left

rFire    + . .     SeeInvis .   a - +1 dagger (drain)
rCold    . . .     Gourm    .   (shield restricted)
rNeg     . . .     Faith    .   z - +0 scale mail
rPois    .         Spirit   .   (no helmet)
rElec    .         Reflect  .   x - +0 cloak
rCorr    .         Harm     .   (no gloves)
MR       .....     NoTele   +   t - +0 pair of boots
Stlth    +++.......             (no amulet)
HPRegen  0.22/turn              k - +4 ring of protection
MPRegen  0.16/turn              E - ring of Beauty {rF+ Dex+4 Slay+3 Stlth+}

@: confusing touch, very slightly contaminated
A: small, carnivore
a: Curse Item, Scrying, Renounce Religion


You were in a Gauntlet.
You worshipped Ashenzari.
Ashenzari was pleased with you.
You were full.

You visited 2 branches of the dungeon, and saw 13 of its levels.
You also visited: Gauntlet.

You collected 636 gold pieces.
You spent 260 gold pieces at shops.

Inventory:

Hand Weapons
 a - a +1 dagger of draining (weapon)
 b - a +1 dagger of venom
 G - a +1 rapier
Armour
 t - a +0 pair of boots (worn)
 x - a +0 cloak (worn)
 z - a +0 scale mail (worn)
 J - a +0 ring mail
 K - a +0 troll leather armour
Jewellery
 k - a +4 ring of protection (left hand)
 p - an uncursed amulet of magic regeneration
 q - an uncursed ring of see invisible
 v - an uncursed ring of fire
 y - a +2 ring of slaying
 B - an uncursed ring of protection from magic
 E - the ring of Beauty (right hand) {rF+ Dex+4 Slay+3 Stlth+}
   (You found it in a Gauntlet)

   [ring of dexterity]

   It affects your dexterity (+4).
   It affects your accuracy and damage with ranged weapons and melee attacks
   (+3).
   It protects you from fire.
   It makes you more stealthy.
 I - an uncursed ring of wizardry
Wands
 g - a wand of disintegration (7)
 m - a wand of acid (8)
 u - a wand of paralysis (1)
 D - a wand of flame (7)
 F - a wand of random effects (20)
Scrolls
 c - a scroll of amnesia
 e - 5 scrolls of teleportation
 h - 2 scrolls of blinking
 j - 2 scrolls of magic mapping
 n - 3 scrolls of identify
 s - a scroll of enchant weapon
 w - 3 scrolls of remove curse
 C - a scroll of vulnerability
 L - a scroll of enchant armour
Potions
 d - a potion of resistance
 i - a potion of cancellation
 l - a potion of mutation
 o - 2 potions of brilliance
 r - a potion of flight
 A - 2 potions of lignification
 M - a potion of agility
Comestibles
 f - 26 rations


   Skills:
 + Level 9.0 Fighting
 + Level 10.1 Short Blades
 * Level 9.3 Armour
 + Level 8.9 Dodging
 - Level 5.0 Stealth
   Level 2.4 Shields
 - Level 5.0 Spellcasting
 - Level 2.0 Hexes
 - Level 5.0 Evocations


You had 20 spell levels left.
You knew the following spells:

 Your Spells              Type           Power        Failure   Level  Hunger
a - Confusing Touch       Hex            #.....       28%         1    None

Your spell library contained the following spells:

 Spells                   Type           Power        Failure   Level  Hunger
 Corona                   Hex            #......      28%         1    None
 Animate Skeleton         Necr           N/A          54%         1    None
 Apportation              Tloc           #.....       54%         1    None
 Summon Small Mammal      Summ           #...         54%         1    None
 Ensorcelled Hibernation  Hex/Ice        #.....       54%         2    ##.....
 Confuse                  Hex            #.......     63%         3    ###....
 Tukima's Dance           Hex            #.......     63%         3    ###....
 Dazzling Spray           Conj/Hex       #.....       78%         3    ###....


Dungeon Overview and Level Annotations

Branches:
Dungeon (12/15)            Temple (1/1) D:5            Lair (0/6) D:8
    Orc: D:9-12

Altars:
Ashenzari
Cheibriados
Dithmenos
Elyvilon
Fedhas
Gozag
Hepliaklqana
Kikubaaqudgha
Makhleb
Nemelex Xobeh
Okawaru
Qazlal
Ru
Sif Muna
Trog
Uskayaw
Vehumet
Wu Jian
Xom
Yredelemnul
Zin
The Shining One
Lugonu

Shops:
D:6 :   D:11 !   D:12 [

Annotations:
D:3 2 runed translucent doors, Hylith's ghost, amateur GnNe Gauntlet 12 transporters


Innate Abilities, Weirdness & Mutations

You are small and have problems with some larger weapons.
You are carnivorous and can eat meat at any time.


Message History

Okay, then.
You hit the minotaur but do no damage. You hit the minotaur but do no damage.
The minotaur appears confused.
Casting: Confusing Touch (safe; 28% risk of failure)
Confirm with . or Enter, or press ? or * to list all spells.
You miscast Confusing Touch.
You are very lightly contaminated with residual magic.
Your hands glow momentarily.
You hit the minotaur.
The minotaur is lightly wounded.
Casting: Confusing Touch (safe; 28% risk of failure)
Confirm with . or Enter, or press ? or * to list all spells.
Your hands begin to glow red.
The minotaur seems less confused.
The minotaur hits you with a +4 trident of protection.
The minotaur gores you!
* * * LOW HITPOINT WARNING * * *
You hit the minotaur but do no damage.
The minotaur hits you with a +4 trident of protection!!
You die...

##### #8∩8# #).}# #8.8# *
#[./#*## #8H8#.8###
,,,#.@.#....# #,
#8.8#..#.#
#.#..##'##..#.#
#.............#
#.#.##.#.##.#.#
#.#....#....#.#
###.#.#######.#.###
#≈..............§§# ###
####8..©.©.©.©.©.©..8####
###


You could see a minotaur.

Vanquished Creatures
  A hell beast (Gauntlet)
  Erica (D:11)
  An oklob plant (Gauntlet)
  A manticore (D:11)
  An ugly thing (D:11)
  Joseph (D:10)
  2 trolls
  2 hornets (D:9)
  A hippogriff (D:9)
  2 shadows
  6 yaks (D:11)
  3 hungry ghosts
  4 vampire mosquitoes (D:12)
  An acid dragon (Gauntlet)
  Duvessa (D:4)
  2 orc warriors
  2 black bears
  A sky beast (D:8)
  2 phantoms
  5 wolves
  4 ogres
  2 crocodiles
  7 centaurs
  A big kobold (D:9)
  5 bullfrogs
  Dowan (D:4)
  5 scorpions
  6 killer bees (D:8)
  5 wights (D:6)
  4 howler monkeys
  4 electric eels (D:8)
  7 crimson imps
  A bullfrog zombie (D:9)
  11 hounds
  2 jellies
  2 centaur skeletons
  7 orc priests
  3 bullfrog skeletons
  A gnoll shaman (D:6)
  Jessica (D:2)
  4 iguanas
  13 orc wizards
  16 worker ants
  2 killer bee zombies
  2 hound skeletons
  A worker ant zombie (D:9)
  9 gnolls
  11 adders
  3 shadow imps
  A white imp (D:5)
  An ooze (D:5)
  An adder zombie (D:9)
  3 worms
  A dart slug (D:1)
  9 leopard geckos
  44 orcs
  A ball python (D:1)
  5 giant cockroaches
  4 hobgoblins
  16 jackals
  17 kobolds
  3 quokkas
  6 bats
  6 frilled lizards
  6 goblins
  A goblin skeleton (D:5)
  A goblin zombie (D:5)
  2 hobgoblin zombies (D:5)
  A jackal skeleton (D:8)
  A jackal zombie (D:5)
  A kobold skeleton (D:5)
  2 kobold zombies (D:5)
  An orc zombie (D:5)
  8 rats
322 creatures vanquished.

Vanquished Creatures (others)
  6 fungi (Gauntlet)
  15 plants (Gauntlet)
21 creatures vanquished.

Grand Total: 343 creatures vanquished

Notes
Turn   | Place    | Note
-------+----------+-------------------------------------------
     0 | D:1      | Borgoz the Kobold Fighter began the quest for the Orb.
     0 | D:1      | Reached XP level 1. HP: 14/14 MP: 1/1
    31 | D:1      | Reached XP level 2. HP: 13/19 MP: 2/2
   242 | D:1      | Reached skill level 1 in Stealth
   247 | D:1      | Reached skill level 3 in Short Blades
   250 | D:1      | Reached XP level 3. HP: 18/23 MP: 3/3
   287 | D:1      | Reached skill level 1 in Dodging
  1035 | D:2      | Noticed Jessica
  1042 | D:2      | Killed Jessica
  1042 | D:2      | Reached XP level 4. HP: 29/29 MP: 4/4
  1266 | D:2      | Found a glowing silver altar of Zin.
  1800 | D:3      | Reached XP level 5. HP: 29/33 MP: 5/5
  2305 | D:3      | Found a snail-covered altar of Cheibriados.
  2330 | D:3      | Found a large runed translucent door.
  2330 | D:3      | Found a large runed translucent door.
  2331 | D:3      | Noticed Hylith's ghost (amateur GnNe)
  2466 | D:4      | Found a deep blue altar of Sif Muna.
  2492 | D:4      | Reached XP level 6. HP: 37/38 MP: 6/6
  2808 | D:4      | Reached skill level 4 in Short Blades
  2830 | D:4      | Found a sparkling altar of Nemelex Xobeh.
  2830 | D:4      | Found a stormy altar of Qazlal.
  2835 | D:4      | Noticed Duvessa
  2836 | D:4      | Noticed Dowan
  2845 | D:4      | Killed Duvessa
  2859 | D:4      | Killed Dowan
  2859 | D:4      | Reached XP level 7. HP: 15/44 MP: 7/7
  3839 | D:5      | Entered Level 5 of the Dungeon
  3945 | D:5      | Reached skill level 5 in Short Blades
  4221 | D:5      | You fall through a shaft for 3 floors!
  4222 | D:8      | Noticed a troll
  4307 | D:7      | Reached XP level 8. HP: 36/48 MP: 8/8
  4316 | D:7      | Reached skill level 5 in Fighting
  4437 | D:6      | Found an ancient bone altar of Kikubaaqudgha.
  4572 | D:6      | Reached skill level 5 in Stealth
  4593 | D:6      | Reached skill level 5 in Armour
  4961 | D:6      | Reached skill level 6 in Short Blades
  5241 | D:5      | Reached XP level 9. HP: 36/55 MP: 9/9
  5433 | D:5      | Reached skill level 5 in Dodging
  5532 | D:5      | Found a staircase to the Ecumenical Temple.
  5642 | Temple   | Entered the Ecumenical Temple
  5657 | Temple   | Became a worshipper of Ashenzari the Shackled
  5879 | D:5      | Found a glowing golden altar of the Shining One.
  6650 | D:6      | Found a basalt altar of Yredelemnul.
  6650 | D:6      | Found an iron altar of Okawaru.
  6650 | D:6      | Found a hazy altar of Hepliaklqana.
  6650 | D:6      | Found a hide-covered altar of Uskayaw.
  6881 | D:6      | Found Josaa's Book Shop.
  6887 | D:6      | Bought a book of Cantrips for 260 gold pieces
  6889 | D:6      | Learned a level 1 spell: Confusing Touch
  7062 | D:6      | Reached skill level 1 in Hexes
  7070 | D:6      | Reached skill level 7 in Short Blades
  7641 | D:6      | Found a glowing golden altar of the Shining One.
  8628 | D:8      | Killed a troll
  8628 | D:8      | Reached skill level 1 in Evocations
  8628 | D:8      | Reached XP level 10. HP: 31/61 MP: 9/11
  8749 | D:8      | Reached skill level 1 in Spellcasting
  8917 | D:8      | Found a burning altar of Makhleb.
  8936 | D:8      | Reached skill level 8 in Short Blades
  9504 | D:8      | Found a staircase to the Lair.
  9514 | D:8      | HP: 3/63 [electric eel/bolt of electricity (10)]
 10221 | D:9      | Found a shadowy altar of Dithmenos.
 10984 | D:9      | Reached * piety under Ashenzari
 11165 | D:9      | Found a blossoming altar of Fedhas.
 11325 | D:9      | Reached XP level 11. HP: 63/68 MP: 15/15
 11622 | D:10     | Entered Level 10 of the Dungeon
 11833 | D:10     | Noticed Joseph
 11880 | D:10     | Killed Joseph
 11880 | D:10     | Reached skill level 9 in Short Blades
 12285 | D:11     | Noticed Erica
 12338 | D:11     | Killed Erica
 12553 | D:11     | Reached skill level 5 in Evocations
 12605 | D:11     | Noticed a manticore
 12608 | D:11     | Killed a manticore
 12744 | D:11     | Found Asiluty's Distillery.
 12861 | D:11     | Noticed a white ugly thing
 12871 | D:11     | Killed a white ugly thing
 13081 | D:12     | Reached ** piety under Ashenzari
 13169 | D:12     | Found a gate leading to a gauntlet.
 13170 | D:12     | Found Toaxoada's Armour Emporium.
 13208 | Gauntlet | Entered a Gauntlet
 13208 | Gauntlet | Found a transporter.
 13221 | Gauntlet | Found a transporter.
 13224 | Gauntlet | Noticed an oklob plant
 13232 | Gauntlet | Found a transporter.
 13237 | Gauntlet | Found a transporter.
 13252 | Gauntlet | Found a transporter.
 13262 | Gauntlet | Noticed a death ooze
 13271 | Gauntlet | Found a transporter.
 13271 | Gauntlet | Noticed a hell beast
 13276 | Gauntlet | Identified the ring of Beauty {rF+ Dex+4 Slay+3 Stlth+}
 13283 | Gauntlet | Found a transporter.
 13294 | Gauntlet | Identified the ring "Oclun" {*Tele +Fly rC+++ Str+4 Dex-4}
 13295 | Gauntlet | Found a transporter.
 13303 | Gauntlet | Noticed a brown ugly thing
 13303 | Gauntlet | Noticed a green ugly thing
 13310 | Gauntlet | Found a transporter.
 13313 | Gauntlet | Noticed a great orb of eyes
 13318 | Gauntlet | Identified the ring of the Sun {rElec rPois}
 13319 | Gauntlet | Found a transporter.
 13336 | Gauntlet | Found a transporter.
 13336 | Gauntlet | Found a transporter.
 13385 | Gauntlet | Found a transporter.
 13410 | Gauntlet | Found a transporter.
 13412 | Gauntlet | Found a transporter.
 13432 | Gauntlet | Found a transporter.
 13512 | Gauntlet | Found a transporter.
 13534 | Gauntlet | Found a transporter.
 13695 | Gauntlet | Reached XP level 12. HP: 20/75 MP: 19/19
 13821 | Gauntlet | Reached skill level 10 in Short Blades
 13864 | Gauntlet | Killed a hell beast
 13864 | Gauntlet | Reached skill level 5 in Spellcasting
 13904 | Gauntlet | Identified the +4 pearl dragon scales of Resourcefulness
                  | {*Corrode rPois rN+ Int-2 Dex+6}
 13904 | Gauntlet | Noticed a minotaur
 13919 | Gauntlet | Mangled by a minotaur

Levels and vault maps discovered:
D:1:      dpeg_arrival_pits, layout_basic, glass_columns_b,
          minmay_misc_feat_roman, minivault_19, chequers_avenue,
          hangedman_feature_mirror, corexii_hall_statues_i,
          chequers_serial_rivers_large_b
D:2:      layout_rooms, overflow_temple_1_default, serial_aquarium,
          aquarium_bridge_straight [aquarium_subvault_bridge,
          aquarium_subvault_window, aquarium_subvault_bridge,
          aquarium_subvault_balcony], aquarium_bridge_square
          [aquarium_subvault_window, aquarium_subvault_wall,
          aquarium_subvault_bridge, aquarium_subvault_balcony],
          aquarium_window_3, aquarium_window_fake, aquarium_window_2,
          aquarium_view_2a, aquarium_balcony_double_1,
          kennysheep_generic_room_11, uniq_jessica
D:3:      layout_basic, marbit_many_paths, ebering_ghost_disaster_area
D:4:      layout_layer_cave, overflow_temple_1_default,
          grunt_temple_overflow_open, uniq_duvessa
D:5:      layout_layer_cave, minmay_temple_entry_glassed_door, first_ration,
          minmay_misc_feat_plants, nicolae_tso_besieged_by_evil
D:6:      layout_loops_corners, grunt_temple_overflow_cloverleaf,
          kiku_gazebo_garden_becter, lemuel_round_altar, serial_shops,
          nicolae_shop_stone, minmay_alternating_orb
D:7:      layout_basic
D:8:      layout_rooms, nicolae_overflow_crystal_walls, erik_lair_island
D:9:      layout_irregular_city, lemuel_crystal_altar,
          hangedman_pestilent_swarm, lemuel_statue_altar
D:10:     layout_roguey, uniq_joseph
D:11:     layout_roguey, serial_shops, kennysheep_mini_moat, glass_columns_a,
          uniq_erica
D:12:     layout_irregular_city, orc_0_dummy, serial_shops,
          nicolae_shop_waterfront, gauntlet_entry_generic, uniq_kirke
Temple:   corrupted_temple
Gauntlet: gammafunk_gauntlet_one_two_three [gammafunk_gauntlet_arena_hedges,
          gammafunk_gauntlet_arena_corners, gammafunk_gauntlet_arena_chambers,
          gammafunk_gauntlet_arena_split_diamond,
          gammafunk_gauntlet_arena_spirals, nicolae_gauntlet_arena_blocks,
          gammafunk_gauntlet_arena_split_x, nicolae_gauntlet_swirl,
          nicolae_gauntlet_arena_t_cross,
          nicolae_gauntlet_exit_dead_adventurers]

Skill      XL: |  1  2  3  4  5  6  7  8  9 10 11 12 |
---------------+-------------------------------------+-----
Stealth        | 1 2 3 4 5 |  5.0
Short Blades   | 3 4 5 6 7 8 9 10 | 10.1
Dodging        | 1 2 3 4 6 7 8 |  8.9
Armour         | 3 4 5 7 8 9 |  9.3
Fighting       | 4 5 6 7 8 9 |  9.0
Hexes          | 2 |  2.0
Evocations     | 1 3 5 |  5.0
Spellcasting   | 3 4 5 |  5.0
Shields        | |  2.4

Action                   |  1- 3 |  4- 6 |  7- 9 | 10-12 || total
-------------------------+-------+-------+-------+-------++-------
Melee: Rapier            |   134 |   195 |   626 |   273 ||  1228
       Dagger            |       |       |       |   726 ||   726
 Cast: Confusing Touch   |       |       |     1 |     9 ||    10
Evoke: Wand              |       |       |    18 |    14 ||    32
  Use: Potion            |       |     4 |     8 |     2 ||    14
       Scroll            |       |       |    17 |     5 ||    22
 Stab: Paralysed         |       |       |     1 |     5 ||     6
       Invisible         |       |       |     3 |       ||     3
       Sleeping          |       |       |       |     8 ||     8
       Confused          |       |       |       |     8 ||     8
       Distracted        |       |       |       |     1 ||     1
  Eat: Chunk             |     9 |     6 |    19 |    41 ||    75
Armor: Scale mail        |    82 |    95 |   248 |   165 ||   590
       Skin              |       |       |    19 |       ||    19
       Troll leather arm |       |       |       |    60 ||    60
Dodge: Dodged            |    89 |   117 |   483 |   639 ||  1328

Table legend:
 A = Non-vault XP
 B = Vault XP
 C = Vault XP percentage of total XP
 D = Non-vault monster count
 E = Vault monster count
 F = Vault count percentage of total count
                 A         B        C        D         E       F
            +---------+---------+-------+---------+---------+-------
      Total |   11607 |    5649 |  32.7 |     276 |      46 |  14.3
            +---------+---------+-------+---------+---------+-------
        D:1 |      52 |       5 |   8.8 |      32 |       2 |   5.9
        D:2 |      24 |      39 |  61.9 |      14 |       2 |  12.5
        D:3 |      95 |       1 |   1.0 |      18 |       1 |   5.3
        D:4 |     233 |     229 |  49.6 |       9 |       2 |  18.2
        D:5 |     743 |      18 |   2.4 |      30 |       9 |  23.1
        D:6 |    1392 |     395 |  22.1 |      33 |       9 |  21.4
        D:7 |     485 |       0 |   0.0 |      22 |       0 |   0.0
        D:8 |    1456 |     802 |  35.5 |      31 |       9 |  22.5
        D:9 |    1799 |     607 |  25.2 |      32 |       4 |  11.1
       D:10 |     602 |     513 |  46.0 |      18 |       1 |   5.3
       D:11 |    3640 |     929 |  20.3 |      30 |       1 |   3.2
       D:12 |    1086 |       0 |   0.0 |       7 |       0 |   0.0
   Gauntlet |       0 |    2111 | 100.0 |       0 |       6 | 100.0
            +---------+---------+-------+---------+---------+-------
